 Dungeon Crawl Stone Soup version 0.29.1-1-gd02db6906a (webtiles) character file.

Game seed: 14128690579460786345

22384 LabCoat the Fighter (level 12, -8/172 HPs)
             Began as a Hill Orc Fighter on Oct 11, 2022.
             Was a High Priest of Trog.
             Mangled by a skeletal warrior
             ... wielding a +0 battleaxe of distortion
              (21 damage)
             ... on level 11 of the Dungeon.
             The game lasted 00:41:07 (10741 turns).

LabCoat the Fighter (Hill Orc Fighter)             Turns: 10741, Time: 00:41:07

Health: -8/172     AC: 23    Str: 30    XL:     12   Next: 99%
Magic:  0/12       EV: 12    Int: 11    God:    Trog [*****.]
Gold:   1320       SH:  0    Dex: 16    Spells: 11/11 levels left

rFire   . . .      SeeInvis .   a - +2 battleaxe (spect)
rCold   . . .      Faith    .   (shield currently unavailable)
rNeg    + . .      Spirit   +   z - +1 plate armour "Zutuh" {Contam rN+ Regen+}
rPois   .          Reflect  .   J - +2 helmet {Int+3}
rElec   .          Harm     .   w - +1 cloak
rCorr   .          Rampage  .   i - +1 pair of gloves
Will    ++...                   (no boots)
Stlth   ..........              n - amulet of guardian spirit
HPRegen 2.18/turn               h - +6 ring of dexterity
MPRegen 0.13/turn               u - +6 ring of strength

@: berserking, strong-willed, regenerating, very quick
A: no striking features
a: Renounce Religion, Berserk, Trog's Hand, Brothers in Arms


You were on level 11 of the Dungeon.
You worshipped Trog.
Trog was extremely pleased with you.
You visited 1 branch of the dungeon, and saw 11 of its levels.
You also visited: Gauntlet.

You collected 1320 gold pieces.

Inventory:

Hand Weapons
 a - a +2 spectral battleaxe (weapon)
 b - a +1 vorpal shortbow
 D - a +1 war axe of electrocution
 P - a +0 morningstar
Missiles
 j - 4 boomerangs (quivered)
 t - 2 boomerangs of dispersal
 C - 8 silver boomerangs
 E - 17 javelins
 H - 5 poisoned darts
 O - 5 curare-tipped darts
Armour
 c - a +0 buckler
 i - a +1 pair of gloves (worn)
 o - a +0 plate armour
 r - a +0 scale mail
 w - a +1 cloak (worn)
 z - the +1 plate armour "Zutuh" (worn) {Contam rN+ Regen+}
   (You found it on level 5 of the Dungeon)

   rN:        It protects you from negative energy.
   Contam:    It causes magical contamination when unequipped.
   Regen:     It increases your rate of health regeneration.
 J - a +2 helmet of intelligence (worn)
Jewellery
 h - a +6 ring of dexterity (left hand)
 m - the ring "Vitson" {rF- rC+ Str+6 Dex+6}
   (You found it in a Gauntlet)

   [ring of protection from cold]

   Str:       It affects your strength (+6).
   Dex:       It affects your dexterity (+6).
   rF:        It makes you vulnerable to fire.
   rC:        It protects you from cold.
 n - an amulet of guardian spirit (around neck)
 u - a +6 ring of strength (right hand)
 N - a ring of ice
Wands
 f - a wand of paralysis (24)
 g - a wand of roots (6)
 q - a wand of flame (59)
 F - a wand of mindburst (20)
 L - a wand of light (1)
 M - a wand of digging (8)
Scrolls
 e - a scroll of enchant armour
 k - 2 scrolls of fear
 l - 3 scrolls of magic mapping
 v - a scroll of noise {unknown}
 y - a scroll of poison {unknown}
 G - a scroll of amnesia
 I - a scroll of butterflies
Potions
 d - a potion of might
 p - 6 potions of curing
 s - a potion of brilliance
 x - 2 potions of ambrosia
 A - a potion of lignification
 B - 2 potions of haste
 K - a potion of heal wounds {unknown}
 Q - 2 potions of flight {unknown}


   Skills:
 * Level 13.4 Fighting
 + Level 12.0 Axes
 + Level 4.4 Ranged Weapons
 - Level 5.0 Throwing
 + Level 9.1 Armour
 * Level 8.2 Dodging
 - Level 3.2 Shields
 + Level 7.1 Evocations


You had 11 spell levels left.
You didn't know any spells.
Your spell library contained the following spells:

 Spells                   Type           Power      Damage    Failure   Level
 Sandblast                Erth           0%         2d4       95%         1
 Passwall                 Tmut/Erth      0%         N/A       99%         2
 Gell's Gravitas          Tloc           0%         N/A       100%        3
 Portal Projectile        Hex/Tloc       0%         N/A       100%        3
 Stone Arrow              Conj/Erth      0%         3d7       100%        3
 Teleport Other           Tloc           0%         N/A       100%        3
 Tukima's Dance           Hex            0%         N/A       100%        3
 Summon Ice Beast         Ice/Summ       0%         N/A       100%        4
 Blade Hands              Tmut           0%         N/A       100%        5
 Summon Mana Viper        Hex/Summ       0%         N/A       100%        5
 Conjure Ball Lightning   Conj/Air       0%         3x3d6     100%        6
 Dispersal                Tloc           0%         N/A       100%        6
 Monstrous Menagerie      Summ           0%         N/A       100%        7
 Discord                  Hex            0%         N/A       100%        8
 Disjunction              Tloc           0%         N/A       100%        8


Dungeon Overview and Level Annotations

Branches:
Dungeon (11/15)            Temple (0/1) D:5            Lair (0/5) D:11
    Orc (0/2) D:10        Gauntlet (visited)

Altars:
Dithmenos
Elyvilon
Fedhas
Gozag
Makhleb
Okawaru
Sif Muna
Trog
Uskayaw
Wu Jian
Zin
Lugonu

Shops:
D:5 (*   D:8 *   D:9 *

Annotations:
D:4 1 runed translucent door, PanSaczeczos's ghost, amateur DjTm
D:9 2 transporters


Message History

Your spectral weapon shares its damage with you!
A red film seems to cover your vision as you go berserk!
You feel yourself moving faster!
You feel mighty!
The skeletal warrior hits you but does no damage. x2
Space warps around you.
The skeletal warrior hits you but does no damage.
The skeletal warrior hits you with a +0 hand axe.
You barely miss the skeletal warrior. x2
You closely miss the skeletal warrior. You hit the skeletal warrior.
Your +2 spectral battleaxe hits the skeletal warrior!
Your +2 spectral battleaxe hits the skeletal warrior.
The skeletal warrior hits you with a +3 short sword!
* * * LOW HITPOINT WARNING * * *
The skeletal warrior barely misses you.
The skeletal warrior hits you with a +0 flail.
* * * LOW HITPOINT WARNING * * *
The skeletal warrior hits you with a +0 hand axe!
* * * LOW HITPOINT WARNING * * *
The skeletal warrior hits your +2 spectral battleaxe with a +0 hand axe!
Your spectral weapon shares its damage with you!
* * * LOW HITPOINT WARNING * * *
You slash the skeletal warrior!
The skeletal warrior is lightly damaged.
You barely miss the skeletal warrior. You closely miss the skeletal warrior.
You slash the skeletal warrior!
Your +2 spectral battleaxe barely misses the skeletal warrior.
Your +2 spectral battleaxe misses the skeletal warrior.
Unknown command.
You hit the skeletal warrior but do no damage.
The skeletal warrior is severely damaged.
You slash the skeletal warrior! You slice the skeletal warrior!!
You hit the skeletal warrior. The skeletal warrior barely misses you.
The skeletal warrior hits you with a +0 hand axe!
* * * LOW HITPOINT WARNING * * *
The skeletal warrior closely misses your +2 spectral battleaxe.
The skeletal warrior hits you but does no damage.
The skeletal warrior hits you with a +0 battleaxe of distortion!
* * * LOW HITPOINT WARNING * * *
Space warps horribly around you!!
You die...

#.# #....'.....#....#.
#.######....#....##....#.
#...........#########'###
#...(...######## ##......
#..####.#....... #.......
#..# #.#....... #.......
#..# #.#....... #.......
#..# #z#z...... #.......
#..####(@z...... #.......
#......z############'####
#........................
#..................###...
#..................# #...
#.####.........#...# #...
#..................###.).
#........................
#########################


You could see 4 skeletal warriors and a friendly +2 spectral battleaxe
(summoned).

Vanquished Creatures
  A minotaur (Gauntlet)
  Erolcha (D:10)
  A centaur warrior (D:11)
  A hydra (D:11)
  3 two-headed ogres
  Urug (D:10)
  Sonja (D:10)
  A death drake (Gauntlet)
  A skeletal warrior (D:11)
  Lodul (D:10)
  An obsidian statue (Gauntlet)
  An orc knight (D:11)
  A cyclops (D:11)
  3 oklob plants (D:11)
  Maurice (D:9)
  A centaur zombie (Gauntlet)
  A gargoyle (D:11)
  3 kobold demonologists (D:10)
  A freezing wraith (D:11)
  5 trolls
  Prince Ribbit (D:5)
  A spectral meliai (Gauntlet)
  A hornet (D:8)
  A wyvern (D:8)
  Eustachio (D:6)
  Sigmund (D:5)
  A wraith (D:11)
  2 shadows
  17 yaks
  A steam dragon (D:5)
  Menkaure (D:6)
  Edmund (D:6)
  An acid dragon (D:11)
  7 orc warriors
  A water moccasin (D:9)
  An ice beast (D:5)
  A spectral hornet (Gauntlet)
  2 sky beasts
  8 ogres
  5 centaurs
  7 phantoms
  2 necrophages (D:4)
  2 kobold brigands
  6 bullfrogs
  2 scorpions (D:5)
  9 wights
  5 killer bees (D:9)
  2 troll zombies (D:10)
  4 howler monkeys
  An electric eel (D:8)
  Crazy Yiuf (D:6)
  3 hounds
  2 gnoll boudas
  6 orc priests
  Jessica (D:2)
  Ijyb (D:5)
  9 orc wizards
  4 ogre zombies (D:10)
  8 adders
  13 gnolls
  2 river rats (D:5)
  An ufetubus (D:6)
  4 dart slugs
  30 orcs
  3 bats
  9 endoplasms
  8 giant cockroaches
  5 goblins
  6 hobgoblins
  2 jackals (D:4)
  10 kobolds
  5 quokkas
  9 ball pythons
  3 frilled lizards
  2 goblin zombies (D:10)
  2 hobgoblin skeletons (D:10)
  2 hobgoblin zombies (D:10)
  5 orc skeletons (D:10)
  8 orc zombies (D:10)
  9 rats
298 creatures vanquished.

Vanquished Creatures (collateral kills)
  A hound (D:6)
  An adder (D:6)
  2 orcs
4 creatures vanquished.

Vanquished Creatures (others)
  9 demonic plants (D:10)
  13 plants
  A withered plant (Gauntlet)
23 creatures vanquished.

Grand Total: 325 creatures vanquished

Notes
Turn   | Place    | Note
-------+----------+-------------------------------------------
     0 | D:1      | LabCoat the Hill Orc Fighter began the quest for the Orb.
     0 | D:1      | Reached XP level 1. HP: 19/19 MP: 1/1
    24 | D:1      | Reached XP level 2. HP: 15/27 MP: 2/2
   184 | D:1      | Reached skill level 4 in Fighting
   471 | D:1      | Reached XP level 3. HP: 33/33 MP: 3/3
  1521 | D:2      | Noticed Jessica
  1523 | D:2      | Reached XP level 4. HP: 21/41 MP: 4/4
  1528 | D:2      | Reached skill level 1 in Dodging
  1537 | D:2      | Killed Jessica
  1538 | D:2      | Reached XP level 5. HP: 9/47 MP: 5/5
  2164 | D:2      | Reached skill level 5 in Fighting
  2361 | D:3      | Found an ornate altar of the Wu Jian Council.
  2362 | D:3      | Found a bloodstained altar of Trog.
  2385 | D:3      | Became a worshipper of Trog the Wrathful
  2809 | D:3      | Found a burning altar of Makhleb.
  2853 | D:3      | Found a faded altar of an unknown god.
  2955 | D:3      | Found a shimmering blue altar of Sif Muna.
  3120 | D:4      | Reached skill level 5 in Axes
  3120 | D:4      | Reached XP level 6. HP: 29/56 MP: 6/6
  3288 | D:4      | Noticed a sky beast
  3296 | D:4      | Killed a sky beast
  3296 | D:4      | Reached * piety under Trog
  3297 | D:4      | Reached skill level 1 in Evocations
  3319 | D:4      | Reached skill level 1 in Throwing
  3319 | D:4      | Reached XP level 7. HP: 62/62 MP: 7/7
  3379 | D:4      | Reached skill level 6 in Fighting
  3406 | D:4      | Found a runed translucent door.
  3406 | D:4      | Noticed PanSaczeczos's ghost (amateur DjTm)
  3916 | D:5      | Entered Level 5 of the Dungeon
  3945 | D:5      | Found Assyvoc's Antique Weapon Boutique.
  3967 | D:5      | Noticed Ijyb
  3976 | D:5      | Killed Ijyb
  4051 | D:5      | Noticed Sigmund
  4061 | D:5      | Killed Sigmund
  4086 | D:5      | Reached XP level 8. HP: 66/71 MP: 6/8
  4157 | D:5      | Reached skill level 5 in Armour
  4215 | D:5      | Reached skill level 7 in Fighting
  4224 | D:5      | Found Deemm's General Store.
  4231 | D:5      | You fall into a shaft and drop 1 floor!
  4240 | D:6      | Noticed Eustachio
  4248 | D:6      | Killed Eustachio
  4372 | D:6      | Found a glowing silver altar of Zin.
  4372 | D:6      | Found an opulent altar of Gozag.
  4411 | D:6      | Reached ** piety under Trog
  4423 | D:6      | Found a runed translucent door.
  4424 | D:6      | Noticed Crazy Yiuf
  4433 | D:6      | Killed Crazy Yiuf
  4613 | D:5      | Noticed Prince Ribbit
  4625 | D:5      | Killed Prince Ribbit
  4803 | D:5      | Found a staircase to the Ecumenical Temple.
  4810 | D:5      | Reached XP level 9. HP: 76/81 MP: 9/9
  4980 | D:5      | Identified the +1 plate armour "Zutuh" {Contam rN+ Regen+}
  5240 | D:6      | Reached skill level 8 in Fighting
  5286 | D:6      | Noticed Edmund
  5298 | D:6      | Killed Edmund
  5405 | D:6      | Noticed Menkaure
  5421 | D:6      | Found a blossoming altar of Fedhas.
  5422 | D:6      | Killed Menkaure
  5424 | D:6      | Reached *** piety under Trog
  5787 | D:7      | Reached skill level 9 in Fighting
  5882 | D:7      | Noticed a two-headed ogre
  5896 | D:7      | Killed a two-headed ogre
  5897 | D:7      | Reached XP level 10. HP: 91/91 MP: 10/10
  6254 | D:8      | Found Ryixkauc's Assorted Antiques.
  6532 | D:8      | Reached skill level 10 in Fighting
  6534 | D:8      | Reached skill level 5 in Dodging
  6653 | D:8      | Reached skill level 10 in Axes
  6653 | D:8      | Reached skill level 5 in Evocations
  6670 | D:8      | Found a hide-covered altar of Uskayaw.
  6917 | D:8      | Found a large runed translucent door.
  6920 | D:8      | Found a large runed translucent door.
  7093 | D:8      | Found a white marble altar of Elyvilon.
  7168 | D:8      | Found an iron altar of Okawaru.
  7187 | D:8      | Found a shadowy altar of Dithmenos.
  7288 | D:9      | Reached **** piety under Trog
  7307 | D:9      | Reached XP level 11. HP: 70/101 MP: 7/11
  7314 | D:9      | Reached skill level 1 in Ranged Weapons
  7382 | D:9      | Reached skill level 11 in Fighting
  7382 | D:9      | Reached skill level 5 in Throwing
  7465 | D:9      | Noticed an orc high priest
  7470 | D:9      | Found a transporter.
  7473 | D:9      | Noticed a deep elf knight
  7556 | D:9      | Noticed a two-headed ogre
  7560 | D:9      | Killed a two-headed ogre
  7577 | D:9      | Found a transporter.
  7683 | D:9      | Noticed Maurice
  7709 | D:9      | Killed Maurice
  7825 | D:9      | Found Lalo Kam's Serpentskin Sales.
  8007 | D:10     | Entered Level 10 of the Dungeon
  8115 | D:10     | Noticed Erolcha
  8127 | D:10     | Killed Erolcha
  8196 | D:10     | Found a staircase to the Orcish Mines.
  8204 | D:10     | Reached ***** piety under Trog
  8395 | D:10     | Noticed Urug
  8403 | D:10     | Killed Urug
  8501 | D:10     | Found a corrupted altar of Lugonu.
  8789 | D:10     | Noticed Lodul
  8798 | D:10     | Noticed Sonja
  8803 | D:10     | Killed Lodul
  8804 | D:10     | Reached skill level 12 in Fighting
  8921 | D:10     | Killed Sonja
  8922 | D:10     | Reached XP level 12. HP: 88/112 MP: 8/12
  9392 | D:11     | Noticed a seven-headed hydra
  9400 | D:11     | Killed a seven-headed hydra
  9435 | D:11     | Identified the +0 robe of Bellicose Joy {rF+ rC+ rN+ Dex+4}
  9435 | D:11     | Noticed a two-headed ogre
  9443 | D:11     | Killed a two-headed ogre
  9719 | D:11     | Found a gate leading to a gauntlet.
  9732 | D:11     | Noticed a centaur warrior
  9747 | Gauntlet | Entered a Gauntlet
  9747 | Gauntlet | Found a transporter.
  9764 | Gauntlet | Noticed a hell hog
  9809 | Gauntlet | Found a runed translucent door.
  9810 | Gauntlet | Found a transporter.
  9811 | Gauntlet | Found a transporter.
  9811 | Gauntlet | Found a runed translucent door.
  9815 | Gauntlet | Found a transporter.
  9819 | Gauntlet | Found a transporter.
  9821 | Gauntlet | Found a transporter.
  9825 | Gauntlet | Found a transporter.
  9827 | Gauntlet | Found a transporter.
  9829 | Gauntlet | Noticed a hell beast
  9893 | Gauntlet | Found a transporter.
  9899 | Gauntlet | Found a transporter.
  9900 | Gauntlet | Found a transporter.
  9909 | Gauntlet | Noticed a wretched star
  9915 | Gauntlet | Found a transporter.
  9980 | Gauntlet | Identified the +0 helmet "Namoiw" {Contam Harm Int+9 SInv}
 10072 | Gauntlet | Identified the +1 ring mail "Xepaam" {Contam rC+++}
 10073 | Gauntlet | Identified the ring "Vitson" {rF- rC+ Str+6 Dex+6}
 10092 | Gauntlet | Noticed a minotaur
 10099 | Gauntlet | Killed a minotaur
 10122 | D:11     | Reached skill level 13 in Fighting
 10145 | D:11     | Found a staircase to the Lair.
 10479 | D:11     | Killed a centaur warrior
 10741 | D:11     | Mangled by a skeletal warrior

Illustrated notes

Levels and vault maps discovered:
D:1:      minmay_arrival_glassed_features, layout_basic, serial_rivers,
          chequers_serial_rivers_marsh, chequers_serial_rivers_small_3,
          chequers_serial_rivers_large_a, chequers_serial_rivers_small_a,
          chequers_serial_rivers_micro_d, chequers_serial_rivers_micro_a,
          minmay_misc_feat_enclosed, kennysheep_flooded_box
D:2:      layout_basic, uniq_jessica
D:3:      wander_river, layout_loops_ring, mainiacjoe_overflow_brackets,
          mainiacjoe_overflow_catwalk_spiral, nicolae_sif_muna_little_library,
          dreamdust_ecumenical_altar_angels_and_demons,
          minmay_fractal_squares_gapless_5
D:4:      layout_basic, hellmonk_ghost_happy_afterlife
D:5:      layout_rooms, minmay_temple_entry_offerings, portal_sewer_entry_e,
          serial_shops, nicolae_inconvenience_store, nicolae_diamond_shop,
          uniq_prince_ribbit1, uniq_ijyb, uniq_sigmund
D:6:      layout_loops_ring, grunt_temple_overflow_gold_and_silver,
          fedhas_altar_2, uniq_edmund, uniq_eustachio, uniq_menkaure,
          uniq_crazy_yiuf_cottage
D:7:      layout_cave_pools, minmay_misc_feat_plants
D:8:      layout_gridville, nicolae_elyvilon_peaceful_grove, old_standard_altar,
          jmf_multi_god_temple2, serial_shops, shop, serial_bayou_pond_b,
          hangedman_abyss_or_decor_stabs
D:9:      gammafunk_wand_slinger, layout_loops_cross, guppyfry_shop_venom,
          uniq_maurice
D:10:     kennysheep_kobold_lugonu_temple, layout_stronghold, zombieorc1_lemuel,
          nrook_mini_vaults, uniq_lodul, uniq_sonja, uniq_urug, uniq_erolcha
D:11:     minmay_cornered_nines, layout_stronghold, dpeg_oklobed_lair,
          gauntlet_entry_generic, minivault_5

Skill      XL: |  1  2  3  4  5  6  7  8  9 10 11 12 |
---------------+-------------------------------------+-----
Axes           | 3 4 5 6 8 9 10 11 12 | 12.0
Fighting       | 4 5 6 7 9 10 12 13 | 13.4
Dodging        | 1 2 3 4 5 7 8 |  8.2
Armour         | 4 5 6 7 8 9 |  9.1
Evocations     | 1 2 3 4 5 6 7 |  7.1
Throwing       | 1 2 4 5 |  5.0
Ranged Weapons | 3 4 |  4.4
Shields        | |  3.2

Action                   |  1- 3 |  4- 6 |  7- 9 | 10-12 || total
-------------------------+-------+-------+-------+-------++-------
Melee: War axe           |    90 |    91 |   208 |    96 ||   485
       Battleaxe         |       |       |       |   214 ||   214
       Morningstar       |       |       |       |     4 ||     4
 Fire: Shortbow          |       |       |       |    30 ||    30
Throw: Boomerang         |       |    12 |    20 |    24 ||    56
       Dart              |       |       |     1 |     5 ||     6
Invok: Berserk           |       |       |     1 |     6 ||     7
       Trog's Hand       |       |       |       |     8 ||     8
Evoke: Wand              |       |     5 |     9 |     6 ||    20
  Use: Scroll            |     3 |     4 |    11 |    11 ||    29
       Potion            |       |     1 |       |     3 ||     4
 Stab: Paralysed         |       |     2 |    10 |       ||    12
       Distracted        |       |       |       |     2 ||     2
       Invisible         |       |       |       |     1 ||     1
Armor: Scale mail        |    53 |    24 |       |       ||    77
       Plate armour      |       |    28 |   117 |   237 ||   382
Dodge: Dodged            |    45 |    22 |    54 |   163 ||   284
Block: Buckler           |    16 |    28 |    35 |    26 ||   105
